 Dungeon Crawl Stone Soup version 0.28.0 (webtiles) character file.

Game seed: 16913252037646790478

9 psuckher the Sneak (level 2, -4/22 (24) HPs)
             Began as a Demonspawn Delver on Feb 15, 2022.
             Slain by a necrophage (5 damage)
             ... on level 4 of the Dungeon.
             The game lasted 00:05:21 (836 turns).

psuckher the Sneak (Demonspawn Delver)               Turns: 836, Time: 00:05:22

HP:   -4/22 (24)    AC:  3    Str: 12    XL:     2   Next: 6%
MP:   2/2           EV: 11    Int: 11    God:
Gold: 95            SH:  0    Dex: 14    Spells: 1/1 levels left

rFire   . . .      SeeInvis .   a - +0 hand axe
rCold   . . .      Faith    .   (no shield)
rNeg    . . .      Spirit   .   b - +0 leather armour
rPois   .          Reflect  .   (no helmet)
rElec   .          Harm     .   (no cloak)
rCorr   .          Rampage  .   (no gloves)
Will    .....                   (no boots)
Stlth   +++.......              (no amulet)
HPRegen 0.07/turn               (no ring)
MPRegen 0.08/turn               (no ring)

@: attractive, drained
A: hooves 1
a: no special abilities


You were on level 4 of the Dungeon.
You visited 1 branch of the dungeon, and saw 3 of its levels.

You collected 95 gold pieces.

Inventory:

Hand Weapons
 a - a +0 hand axe (weapon)
Armour
 b - a +0 leather armour (worn)
Wands
 g - a wand of digging (3)
Scrolls
 c - 2 scrolls of fog
 d - a scroll of magic mapping
 e - a scroll of fear


   Skills:
 + Level 3.0 Fighting
 + Level 1.8 Axes
 + Level 0.2 Armour
 + Level 1.8 Dodging
 + Level 4.8 Stealth


You had one spell level left.
You didn't know any spells.
Your spell library was empty.

Dungeon Overview and Level Annotations

Branches:
Dungeon (5/15)
 Temple: D:4-7

Altars:
Xom

Shops:
D:4 *


Innate Abilities, Weirdness & Mutations

You have large cloven feet.


Message History

There is a stone staircase leading up here.
Found a shimmering altar of Xom.
Found 22 sling bullets.
A necrophage comes into view.
There is a stone staircase leading up here.
You climb upwards.
Reactivating autopickup.
There is a stone staircase leading down here.
You climb downwards.
The necrophage hits you.
There is a stone staircase leading up here.
The necrophage hits you.
You climb upwards.
There is a stone staircase leading down here.
You hit the necrophage. You kick the necrophage.
The necrophage is moderately damaged.
The necrophage hits you.
You feel drained. The necrophage barely misses you.
You hit the necrophage but do no damage.
You kick the necrophage.
The necrophage is heavily damaged.
The necrophage hits you!
You closely miss the necrophage. Your kick misses the necrophage.
The necrophage is heavily damaged.
The necrophage hits you.
* * * LOW HITPOINT WARNING * * *
The necrophage completely misses you.
You climb downwards.
There is a stone staircase leading up here.
Okay, then.
It was a potion of attraction.
You feel attractive to monsters. The necrophage hits you.
* * * LOW HITPOINT WARNING * * *
The necrophage misses you.
You hit the necrophage but do no damage.
The necrophage is heavily damaged.
The necrophage closely misses you.
You hit the necrophage.
The necrophage is severely damaged.
The necrophage hits you.
You die...

#..........+........# ...
#..........#........#....
#...##...####+#######......#
#...##'###.......<..........
#......†.............≈≈≈≈≈≈≈
#........∩...........≈......
#....................≈.≈≈≈≈≈
#........#.....n.......≈..§.
#........#.....@.....≈§≈._.≈
#........#....<......≈§≈..§§
#...######...........≈§≈≈§≈≈
#... ....#+#######.≈......
#... ....#.....#...≈≈≈≈≈≈≈
....#.....#.......... ..
#.....#...#......
#..n..#...#......
#.....#...#......


You could see a necrophage.

Vanquished Creatures
  A giant cockroach (D:4)
  A hobgoblin (D:4)
  4 jackals (D:5)
  A quokka (D:4)
7 creatures vanquished.

Notes
Turn   | Place    | Note
-------+----------+-------------------------------------------
     0 | D:5      | psuckher the Demonspawn Delver began the quest for the Orb.
     0 | D:5      | Reached XP level 1. HP: 18/18 MP: 1/1
   659 | D:4      | Noticed an orc wizard
   743 | D:4      | Found Liepovir's General Store.
   749 | D:4      | Gained mutation: You have large cloven feet. [demonic
                  | ancestry]
   749 | D:4      | Reached XP level 2. HP: 23/24 MP: 2/2
   785 | D:4      | Found a shimmering altar of Xom.
   792 | D:4      | Noticed a +0 spear
   794 | D:4      | Noticed a +0 short sword
   795 | D:4      | Noticed a +0 falchion
   795 | D:4      | Noticed a +0 falchion
   795 | D:4      | Noticed a +0 short sword
   796 | D:4      | Noticed a +0 dagger
   796 | D:4      | Noticed a +0 dagger
   798 | D:4      | Noticed a +0 spear
   799 | D:4      | Noticed a necrophage
   829 | D:4      | HP: 1/22 [necrophage (5)]
   836 | D:4      | Slain by a necrophage

Illustrated notes

Levels and vault maps discovered:
D:3:      layout_loops_cross
D:4:      layout_gridville, mainiacjoe_overflow_concentric_impassable,
          mainiacjoe_overflow_small_starburst, nicolae_uskayaw_en_pointe,
          minmay_temple_entry_statues_pillars, serial_shops, shop_coins,
          serial_park_tiny_pond
D:5:      layout_gridville, trog_ov_bears_minmay

Action                   || total
-------------------------++-------
Melee: Hand axe          ||    19
       Kick              ||     2
  Use: Potion            ||     2
 Stab: Sleeping          ||     1
Armor: Leather armour    ||     8
Dodge: Dodged            ||    23
